 Dungeon Crawl Stone Soup version 0.19.0-2-gae57169 (webtiles) character file.

34 Peloso the Skirmisher (level 3, -3/31 HPs)
             Began as a Ghoul Fighter on Nov 5, 2016.
             Slain by a hobgoblin (5 damage)
             ... led by Robin
             ... on level 2 of the Dungeon.
             The game lasted 00:02:15 (704 turns).

Peloso the Skirmisher (Ghoul Fighter)                Turns: 704, Time: 00:02:16

Health: -3/31      AC:  7    Str: 17 (19) XL:     3   Next: 31%
Magic:  2/2        EV:  7    Int:  2 (3)  God:
Gold:   50         SH:  8    Dex:  6 (9)  Spells: 0 memorised, 2 levels left

rFire  + . .     SeeInvis .     a - +0 long sword
rCold  + + .     Gourm    +     b - +0 scale mail
rNeg   + + +     Faith    .     c - +0 shield
rPois  ∞         Spirit   .     (no helmet)
rElec  +         Reflect  .     (no cloak)
rCorr  +         Harm     .     e - +0 pair of gloves
MR     .....                    (no boots)
Stlth  ..........               o - amulet of the gourmand
                                (no ring)
                                (no ring)

@: resistant, flying, rotting
A: rotting body, claws 1, carnivore 3, cold resistance 1, negative energy
resistance 3, slow regeneration 1, torment resistance, unbreathing
a: no special abilities


You were on level 2 of the Dungeon.
You were not hungry.

You visited 1 branch of the dungeon, and saw 2 of its levels.

You collected 50 gold pieces.

Inventory:

Hand Weapons
 a - a +0 long sword (weapon)
Armour
 b - a +0 scale mail (worn)
 c - a +0 shield (worn)
 e - a +0 pair of gloves (worn)
Jewellery
 o - an amulet of the gourmand (around neck)
Scrolls
 g - a scroll of random uselessness {unknown}
 h - a scroll of immolation {unknown}
 k - 2 scrolls of noise {unknown}
 m - a scroll of enchant armour {unknown}
 p - a scroll of remove curse {unknown}
 q - a scroll of identify {unknown}
Potions
 d - a potion of might
 i - a potion of berserk rage
Comestibles
 f - a meat ration


   Skills:
 + Level 3.5 Fighting
 + Level 2.0 Long Blades
 + Level 3.0 Armour
 + Level 0.5 Dodging
 + Level 3.2 Shields


You had 2 spell levels left.
You didn't know any spells.

Dungeon Overview and Level Annotations

Branches:
Dungeon (2/15)

Altars:

Annotations:
D:2 Robin


Innate Abilities, Weirdness & Mutations

Your body is rotting away.
You thrive on raw meat.
You are immune to poison.
You have sharp fingernails.
You are carnivorous and can eat meat at any time.
Your flesh is cold resistant. (rC+)
You are immune to negative energy. (rN+++)
You regenerate slowly when monsters are visible.
You are immune to unholy pain and torment.
You can survive without breathing.


Message History

The hobgoblin hits you but does no damage.
The goblin hits you with a club.
* * * LOW HITPOINT WARNING * * *
Unknown command.
It was a potion of flight.
You feel very buoyant.
You fly up into the air.
The hobgoblin hits you but does no damage.
You block the goblin's attack.
Sorry, you're not good enough to have a special ability.
Unknown command.
It was a potion of resistance.
You feel protected. The hobgoblin barely misses you.
You riposte.
You closely miss the hobgoblin.
The hobgoblin is almost dead.
It was a potion of degeneration.
There was something very wrong with that liquid.
You feel weakened.
You feel dopey.
You feel clumsy. The hobgoblin hits you.
You die...

#...... ...
....... ...
....... ...
........ #.#
......gg #h#
....... #S#
#.....#### #h#
#.. #h..# #g#
#.##.r.### #@#
#..†...gg###g#
#.....gggg)gg#
#.###......g#####
#.........###
#######)..# #...#
#(..# #.###


You could see Robin, an adder, 2 jackals, 2 hobgoblins and a goblin.

Vanquished Creatures
  A dart slug (D:1)
  A leopard gecko (D:1)
  A giant cockroach (D:2)
  9 goblins
  3 hobgoblins
  A jackal (D:2)
  A ball python (D:2)
  4 bats (D:1)
  A frilled lizard (D:2)
  3 kobolds
  3 rats
28 creatures vanquished.

Notes
Turn   | Place    | Note
-------+----------+-------------------------------------------
     0 | D:1      | Peloso the Ghoul Fighter began the quest for the Orb.
     0 | D:1      | Reached XP level 1. HP: 19/19 MP: 0/0
   239 | D:1      | Reached XP level 2. HP: 15/26 MP: 1/1
   648 | D:2      | Reached XP level 3. HP: 31/31 MP: 2/2
   655 | D:2      | Noticed Robin
   704 | D:2      | Slain by a hobgoblin

Skill      XL: |  1  2 |
---------------+-------+-----
Shields        | 3 |  3.2
Long Blades    | 2 |  2.0
Armour         | 3 |  3.0
Fighting       | |  3.5
Dodging        | |  0.5

Action                   || total
-------------------------++-------
Melee: Long sword        ||    99
  Use: Potion            ||     4
  Eat: Chunk             ||     1
Armor: Scale mail        ||    70
Dodge: Dodged            ||    40
Block: Shield            ||    77
       Rpst.: Long sword ||    18
